 Dungeon Crawl Stone Soup version 0.30-a0-159-g068b764562 (webtiles) character file.

Game seed: 17589647834978636043

5 KennySheep the Slasher (level 1, -1/12 HPs)
             Began as a Tengu Gladiator on Sept 27, 2022.
             Slain by a jackal (2 damage)
             ... on level 1 of the Dungeon.
             The game lasted 00:00:26 (108 turns).

KennySheep the Slasher (Tengu Gladiator)             Turns: 108, Time: 00:00:27

Health: -1/12      AC:  3    Str: 14    XL:     1   Next: 80%
Magic:  2/2        EV: 12    Int:  8    God:
Gold:   0          SH:  0    Dex: 15    Spells: 0/0 levels left

rFire   . . .      SeeInvis .    a - +0 long sword
rCold   . . .      Faith    .    (no shield)
rNeg    . . .      Spirit   .    b - +0 leather armour
rPois   .          Reflect  .    c - +0 hat
rElec   .          Harm     .    (no cloak)
rCorr   .          Rampage  .    (no gloves)
Will    .....                    (boots unavailable)
Stlth   +.........               (no amulet)
HPRegen 0.04/turn                (no ring)
MPRegen 0.08/turn                (no ring)

@: no status effects
A: beak, talons 3
a: no special abilities


You were on level 1 of the Dungeon.
You visited 1 branch of the dungeon, and saw 1 of its levels.

Inventory:

Hand Weapons
 a - a +0 long sword (weapon)
Missiles
 d - 3 throwing nets (quivered)
 e - a javelin
Armour
 b - a +0 leather armour (worn)
 c - a +0 hat (worn)
Jewellery
 f - a ring of flight
Scrolls
 h - a scroll of poison {unknown}
Potions
 g - a potion of mutation {unknown}


   Skills:
 + Level 2.1 Fighting
 * Level 3.4 Long Blades
 - Level 2.0 Throwing
 + Level 0.3 Armour
 + Level 3.3 Dodging


You couldn't memorise any spells.
You didn't know any spells.
Your spell library was empty.

Dungeon Overview and Level Annotations

Branches:
Dungeon (1/15)

Altars:


Innate Abilities, Weirdness & Mutations

You have a beak for a mouth.
You have claws for feet.


Message History

The jackal bites you but does no damage.
The jackal barely misses you. The jackal closely misses you.
The jackal attacks as you move away! The jackal misses you.
The jackal attacks as you move away!
The jackal bites you but does no damage.
You hit the jackal but do no damage. You claw the jackal, but do no damage.
The jackal barely misses you.
The jackal pauses to sniff the ground.
The jackal attacks as you move away! The jackal misses you.
The jackal attacks as you move away! The jackal bites you.
You barely miss the jackal. You claw the jackal.
The jackal is almost dead.
The jackal closely misses you.
You hit the jackal. You claw the jackal.
You kill the jackal!
The jackal closely misses you.
You hit the jackal.
The jackal is almost dead.
The jackal bites you but does no damage.
You slash the jackal!
You kill the jackal!
The jackal closely misses you. The jackal bites you.
* * * LOW HITPOINT WARNING * * *
The jackal closely misses you. The jackal attacks as you move away!
The jackal bites you but does no damage.
You barely miss the jackal. Your kick misses the jackal.
The jackal misses you. x2
The jackal bites you but does no damage.
The jackal barely misses you.
You hit the jackal but do no damage. Your kick misses the jackal.
You peck the jackal.
You kill the jackal!
A frilled lizard comes into view.
The jackal barely misses you.
You miss the jackal.
The frilled lizard hisses angrily.
The jackal closely misses you. The jackal bites you.
* * * LOW HITPOINT WARNING * * *
You barely miss the jackal. The jackal bites you.
You die...

####### #
##...#######
.###...###...##
.###...###..†.#####
.##.....##..#..##.#
.#...#...#..##h.#.#
....###..l.###@.#.#
....###....###..#.#
#...###...####..#.#
##############....#
..#.....#.##...###
..........##...>#
##.##....#.# #..#.#
...........###..#.#
#..........#.#


You could see a jackal and a frilled lizard.

Vanquished Creatures
  A goblin (D:1)
  3 jackals (D:1)
4 creatures vanquished.

Notes
Turn   | Place    | Note
-------+----------+-------------------------------------------
     0 | D:1      | KennySheep the Tengu Gladiator began the quest for the Orb.
     0 | D:1      | Reached XP level 1. HP: 12/12 MP: 2/2
   108 | D:1      | Slain by a jackal

Illustrated notes

Levels and vault maps discovered:
D:1:      minmay_arrival_diagonal_passages, layout_basic, nrook_mini_backslash,
          roderic_lattice_a, hangedman_glass_teeth, minmay_misc_feat_doors

Action                   || total
-------------------------++-------
Melee: Long sword        ||    14
       Kick              ||     5
       Peck              ||     1
Armor: Leather armour    ||     6
Dodge: Dodged            ||    16

Table legend: (Time is in decaauts)
 A = Elapsed time spent in this place.
 B = Non-inter-level travel time spent in this place.
 C = Inter-level travel time spent in this place.
 D = Time resting spent in this place.
 E = Time spent auto-exploring this place.
 F = Levels seen in this place.
 G = Mean time per level.
                   A        B        C        D        E       F      G
               +--------+--------+--------+--------+--------+-----+--------+
         Total |    111 |    111 |      0 |      0 |     74 |   1 |  111.0 |
       Dungeon |    111 |    111 |      0 |      0 |     74 |   1 |  111.0 |
               +--------+--------+--------+--------+--------+-----+--------+

Top non-repeatable levels by time:
     D:1: 111 daAuts
